 Dungeon Crawl Stone Soup version 0.32-a0-401-g0bcb2a7693 (webtiles) character file.

Game seed: 11913383373108914712

595075 Essalna the Pyromancer (level 26, -4/168 HPs)
             Began as a Deep Elf Fire Elementalist on Feb 19, 2024.
             Was the Champion of Vehumet.
             Slain by a bennu (20 damage)
             ... on level 3 of the Tomb of the Ancients on Feb 20, 2024.
             The game lasted 02:54:20 (61589 turns).

Essalna the Pyromancer (DEFE)                      Turns: 61589, Time: 02:54:21

Health: -4/168     AC: 11    Str:  3 (7)  XL:     26   Next: 32%
Magic:  70/70      EV: 18    Int: 26      God:    Vehumet [******]
Gold:   6779       SH: 18    Dex: 23 (24) Spells: 10/53 levels left

rFire   . . .        L - +12 hand axe of Uskayaw, Mauling {flame, MP+9 Dex+7 SInv}
rCold   + + .        Z - +5 kite shield {reflect}
rNeg    + + +        K - +0 troll leather armour
rPois   ∞            Y - +2 hat
rElec   .            o - scarf {repulsion}
rCorr   .            y - +1 pair of gloves
SInv    +            I - +0 pair of boots of Yredelemnul's Delight {*Corrode Fly Will++ Dex+2}
Will    +++++        C - amulet of Vitality {RegenMP++ Regen++}
Stlth   +++          z - ring "Bolodasy" {MP+9 EV+5 Int-3 Slay+3 Stlth+}
HPRegen 2.88/turn    M - ring of magical power
MPRegen 1.22/turn

%: corrode self (3%), repel missiles, reflection
@: death-form, marked, flying, slowed, studying 2 skills, very slow
A: vile attack, torment immunity, no potions, iridescent scales 1, cold
resistance 1, dopey 1
}: 3/15 runes: decaying, slimy, gossamer
a: Siphon Essence, Begin Untransformation, Renounce Religion


You were on level 3 of the Tomb of the Ancients.
You worshipped Vehumet.
Vehumet was exalted by your worship.
You were an undying horror.
You visited 12 branches of the dungeon, and saw 53 of its levels.
You also visited: Ossuary and Desolation.

You collected 9086 gold pieces.
You spent 2307 gold pieces at shops.

Inventory:

Hand Weapons
 L - the +12 hand axe of Uskayaw, Mauling (weapon) {flame, MP+9 Dex+7 SInv}
   (You found it on level 2 of the Spider Nest)

   Dex+7:     It affects your dexterity (+7).
   MP+9:      It affects your magic capacity (+9).
   SInv:      It lets you see invisible.
Armour
 g - a +1 robe of resistance
 o - a scarf of repulsion (worn)
 y - a +1 pair of gloves (worn)
 I - the +0 pair of boots of Yredelemnul's Delight (worn) {*Corrode Fly Will++ Dex+2}
   (You acquired it on level 10 of the Dungeon)

   Dex+2:     It affects your dexterity (+2).
   Will++:    It greatly increases your willpower.
   Fly:       It grants you flight.
   *Corrode:  It may corrode you when you take damage.
 K - a +0 troll leather armour (worn)
 N - a +0 buckler of poison resistance
 T - the +4 skin of Zhor {*Englaciate rC+++ SInv}
   (You found it on level 4 of the Lair of Beasts)

   *Englaciate: It radiates cold, occasionally slowing all nearby creatures who
   are not resistant to cold.
   rC+++:     It renders you almost immune to cold.
   SInv:      It lets you see invisible.
 Y - a +2 hat (worn)
 Z - a +5 kite shield of reflection (worn)
Jewellery
 b - the ring "Jowod" {rN++ rCorr AC+4}
   (You found it in the Desolation of Salt)

   [ring of protection]

   AC+4:      It affects your AC (+4).
   rN++:      It greatly protects you from negative energy.
   rCorr:     It protects you from acid and corrosion.
 d - a +5 ring of evasion
 u - a ring of protection from cold
 z - the ring "Bolodasy" (left hand) {MP+9 EV+5 Int-3 Slay+3 Stlth+}
   (You found it in the Desolation of Salt)

   [ring of evasion]

   EV+5:      It affects your evasion (+5).
   Int-3:     It affects your intelligence (-3).
   Slay+3:    It affects your accuracy & damage with ranged weapons and melee
   (+3).
   MP+9:      It affects your magic capacity (+9).
   Stlth+:    It makes you more stealthy.
 C - the amulet of Vitality (around neck) {RegenMP++ Regen++}
   (You bought it in a shop on level 2 of the Orcish Mines)

   [amulet of magic regeneration]

   RegenMP:   It increases your rate of magic regeneration.
   Regen++:   It increases your rate of health regeneration.
 G - the ring of Debasuapri {Fire ^Drain +Blink rElec Will+ Int+3}
   (You found it on level 5 of the Pits of Slime)

   [ring of fire]

   Fire:      It enhances your fire magic.
   Int+3:     It affects your intelligence (+3).
   rF+:       It protects you from fire.
   rC-:       It makes you vulnerable to cold.
   rElec:     It insulates you from electricity.
   Will+:     It increases your willpower.
   +Blink:    It lets you blink.
   ^Drain:    It drains your maximum health when unequipped.
 H - the amulet "Enwyjaduqa" {RegenMP rPois SInv}
   (You found it on level 5 of the Pits of Slime)

   [amulet of magic regeneration]

   RegenMP:   It increases your rate of magic regeneration.
   rPois:     It protects you from poison SInv: It lets you see invisible.
 M - a ring of magical power (right hand)
 P - a +5 ring of evasion
 V - a ring of protection from fire
Talismans
 n - a talisman of death (active)
Wands
 D - a wand of iceblast (91)
 F - a wand of digging (37)
 X - a wand of light (35)
Scrolls
 c - 2 scrolls of blinking
 l - 8 scrolls of immolation
 r - 19 scrolls of identify
 s - 5 scrolls of fog
 t - 5 scrolls of teleportation
 w - 7 scrolls of poison
 x - 12 scrolls of revelation
 B - 7 scrolls of fear
 E - 2 scrolls of butterflies
 J - 3 scrolls of brand weapon
 O - 5 scrolls of silence
 Q - 9 scrolls of enchant weapon
 S - a scroll of amnesia
Potions
 a - 5 potions of resistance
 e - 11 potions of mutation
 f - 4 potions of cancellation
 i - 5 potions of ambrosia
 j - 10 potions of curing
 k - 6 potions of attraction
 m - 12 potions of heal wounds
 p - 4 potions of invisibility
 q - 11 potions of haste
 v - 8 potions of might
 A - 10 potions of enlightenment
 R - a potion of magic
 U - 10 potions of brilliance
Miscellaneous
 W - a condenser vane (inert)


   Skills:
 - Level 18.0 Fighting
 - Level 6.1 Armour
 - Level 8.0 Dodging
 - Level 2.4 Stealth
 - Level 10.0 Shields
 - Level 14.0 Spellcasting
 + Level 21.7 Conjurations
 - Level 4.0 Summonings
 - Level 24.0 Fire Magic
 - Level 19.0 Air Magic
 - Level 23.0 Shapeshifting


You had 10 spell levels left.
You knew the following spells:

 Your Spells              Type           Power      Damage    Failure   Level
a - Foxfire               Conj/Fire      100%       2x1d9     0%          1
b - Scorch                Fire           100%       2d9       0%          2
c - Fire Storm            Conj/Fire      47%        8d12      63%         9
d - Flame Wave            Conj/Fire      95%        2d20      1%          4
e - Plasma Beam           Fire/Air       46%        2x1d60    1%          6
f - Ignition              Fire           48%        3d14      4%          8
g - Fireball              Conj/Fire      47%        3d19      1%          5
h - Maxwell's Capacitive  Air            43%        ∞         28%         8

Your spell library contained the following spells:

 Spells                   Type           Power      Damage    Failure   Level
 Magic Dart               Conj           100%       1d8       0%          1
 Shock                    Conj/Air       100%       1d9       0%          1
 Searing Ray              Conj           100%       2d8       0%          2
 Kiss of Death            Conj/Necr      100%       2d13      1%          1
 Dazzling Flash           Conj/Hex       100%       N/A       1%          3
 Hailstorm                Conj/Ice       65%        3d12      1%          3
 Inner Flame              Hex/Fire       69%        N/A       1%          3
 Mephitic Cloud           Conj/Alch/Air  73%        N/A       1%          3
 Stone Arrow              Conj/Erth      100%       3d13      1%          3
 Swiftness                Air            87%        N/A       1%          3
 Volatile Blastmotes      Fire/Tloc      100%       2d18      1%          3
 Airstrike                Air            43%        2d(7-23)  1%          4
 Brom's Barrelling Bould  Conj/Erth      65%        2d8       1%          4
 Fulminant Prism          Conj/Alch      32%        3d16      1%          4
 Ignite Poison            Fire/Alch      69%        N/A       1%          4
 Sticky Flame             Fire/Alch      69%        2d11      1%          4
 Summon Blazeheart Golem  Fire/Summ      74%        N/A       1%          4
 Arcjolt                  Conj/Air       44%        1d54      1%          5
 Freezing Cloud           Conj/Ice/Air   36%        6-21      1%          5
 Iskenderun's Battlesphe  Conj           92%        2d14      1%          5
 Conjure Ball Lightning   Conj/Air       44%        3x3d15    1%          6
 Orb of Destruction       Conj           46%        9d12      1%          7
 Summon Lightning Spire   Summ/Air       67%        N/A       3%          4
 Cigotuvi's Dreadful Rot  Necr/Alch/Air  100%       N/A       4%          2
 Irradiate                Conj/Alch      32%        3d22      4%          5
 Summon Small Mammal      Summ           100%       N/A       9%          1
 Vhi's Electric Charge    Tloc/Air       100%       N/A       9%          4
 Sandblast                Erth           36%        2d10      11%         1
 Call Imp                 Summ           78%        N/A       12%         2
 Bombard                  Conj/Erth      32%        9d6       19%         6
 Call Canine Familiar     Summ           39%        N/A       24%         3
 Silence                  Hex/Air        30%        N/A       24%         5
 Apportation              Tloc           36%        N/A       38%         1
 Necrotise                Necr           72%        1d7       38%         1
 Slow                     Hex            72%        N/A       38%         1
 Spellforged Servitor     Conj/Summ      35%        N/A       41%         7
 Blink                    Tloc           36%        N/A       54%         2
 Ensorcelled Hibernation  Hex/Ice        36%        N/A       54%         2
 Jinxbite                 Hex            36%        N/A       54%         2
 Lesser Beckoning         Tloc           36%        N/A       54%         2
 Sublimation of Blood     Necr           18%        N/A       54%         2
 Confusing Touch          Hex            18%        N/A       77%         3
 Fugue of the Fallen      Necr           18%        N/A       77%         3
 Gell's Gravitas          Tloc           18%        N/A       77%         3
 Passwall                 Erth           18%        N/A       77%         3
 Sigil of Binding         Hex            18%        N/A       77%         3
 Teleport Other           Tloc           18%        N/A       77%         3
 Tukima's Dance           Hex            18%        N/A       77%         3
 Vampiric Draining        Necr           18%        2d7       77%         3
 Animate Armour           Summ/Erth      56%        N/A       88%         4
 Martyr's Knell           Necr/Summ      28%        N/A       88%         4
 Lee's Rapid Deconstruct  Erth           9%         3d7*      94%         5
 Yara's Violent Unravell  Hex/Alch       9%         3d6       94%         5
 Anguish                  Hex/Necr       9%         N/A       99%         4
 Dimensional Bullseye     Hex/Tloc       9%         N/A       99%         4
 Dispel Undead            Necr           18%        3d11      99%         4
 Manifold Assault         Tloc           18%        N/A       99%         4
 Passage of Golubria      Tloc           18%        N/A       99%         4
 Summon Forest            Summ/Tloc      14%        N/A       99%         5
 Summon Mana Viper        Hex/Summ       28%        N/A       99%         5
 Alistair's Intoxication  Alch           12%        N/A       100%        5
 Borgnjor's Vile Clutch   Necr/Erth      9%         N/A       100%        5
 Curse of Agony           Necr           18%        N/A       100%        5
 Dispersal                Tloc           9%         N/A       100%        6
 Sculpt Simulacrum        Ice/Alch       9%         N/A       100%        6
 Summon Cactus Giant      Summ           19%        N/A       100%        6
 Haunt                    Necr/Summ      14%        N/A       100%        7
 Ozocubu's Refrigeration  Ice            9%         4d9       100%        7
 Borgnjor's Revivificati  Necr           9%         N/A       100%        8
 Disjunction              Tloc           9%         N/A       100%        8
 Infestation              Necr           9%         N/A       100%        8
 Death's Door             Necr           9%         N/A       100%        9
 Polar Vortex             Ice            9%         12d1*     100%        9
 Shatter                  Erth           9%         3d11*     100%        9


Dungeon Overview and Level Annotations

Branches:
Dungeon (15/15)            Temple (1/1) D:5            Lair (5/5) D:9
  Swamp (4/4) Lair:2       Spider (4/4) Lair:2        Slime (5/5) Lair:4
    Orc (2/2) D:9             Elf (3/3) Orc:2        Vaults (4/5) D:14
  Crypt (3/3) Vaults:3       Tomb (3/3) Crypt:3      Depths (4/4) D:15
    Zot (0/5) Depths:4    Ossuary (visited)         Desolation (visited)

Altars:
Ashenzari
Cheibriados
Dithmenos
Elyvilon
Fedhas
Gozag
Hepliaklqana
Kikubaaqudgha
Makhleb
Nemelex Xobeh
Okawaru
Qazlal
Ru
Sif Muna
Trog
Uskayaw
Vehumet
Wu Jian
Xom
Yredelemnul
Zin
The Shining One
Beogh
Jiyva

Shops:
D:4 =   D:9 (   D:10 *   Orc:2 =*[(   Elf:3 [   Vaults:1 =   Vaults:2 *
Vaults:4 *

Portals:
Hell: Depths:1 Depths:2 Depths:3 Depths:4
Abyss: Depths:1 Depths:3
Pandemonium: Depths:1 Depths:2 Depths:3
Ziggurat: Depths:4
Trove: D:13 (give 14 scrolls of teleportation)

Annotations:
Elf:2 3 runed translucent doors


Innate Abilities, Weirdness & Mutations

You are an undying horror.
Your melee and unarmed attacks drain, slow and weaken victims.
You are immune to unholy pain and torment.
You cannot drink.
You are immune to poison.
You are partially covered in iridescent scales. (AC +2)
Your flesh is cold resistant. (rC+)
You are dopey. (Int -2)


Message History

The fireball engulfs the bennu.
The bennu completely resists.
The fireball engulfs the royal mummy!!
The royal mummy is heavily damaged.
The fireball engulfs the emperor scorpion!!
The emperor scorpion is severely wounded.
The fireball engulfs the emperor scorpion!
The emperor scorpion is moderately wounded.
The fireball engulfs the bennu.
The bennu completely resists.
The fireball engulfs the emperor scorpion!!
The emperor scorpion is heavily wounded.
The fireball engulfs the bennu.
The bennu completely resists.
Your surroundings suddenly seem different.
A mummy comes into view.
Found 7 stones, a scroll of enchant weapon and a golden rune of Zot.
A guardian mummy comes into view.
A mummy comes into view.
Found a scroll of teleportation.
The ushabti shakes and rattles deafeningly!
Clouds condense from the air!
The condenser dries out!
You block the bennu's attack. The bennu claws you!
You block the bennu's attack. x2; The bennu claws you but does no damage.
The bennu claws you!
Press: ? - help, v - describe, . - travel The floor.
A bennu is nearby!
A bennu is nearby!
You block the bennu's attack. x3; The bennu pecks you!
The bennu sears you!! The bennu claws you. The bennu claws you!
* * * LOW HITPOINT WARNING * * *
The bennu barely misses you. x2; The bennu completely misses you. x2
The bennu claws you.
* * * LOW HITPOINT WARNING * * *
The bennu claws you.
* * * LOW HITPOINT WARNING * * *
You begin untransforming.
You continue untransforming.
The bennu closely misses you. The bennu misses you. The bennu claws you!
* * * LOW HITPOINT WARNING * * *
The bennu pecks you!
* * * LOW HITPOINT WARNING * * *
The bennu sears you!!
You die... sb.......................

...........(.............
...........M.............
...........M.............
..........9.......(......
......M...sb.............
..........b....b.§.......
###..........####b§....^.
# ........## #zb§......
## ........# #.........
.# #......## ..........
.. ###φ.## .......?... ..
### ............ ..
............. §.
............## ##
##############


You could see 2 bennus.

Vanquished Creatures
  the Royal Jelly (Slime:5)
  Khufu (Tomb:2)
  An ancient lich (Crypt:3)
  Mara (Vaults:2)
  A juggernaut (Depths:1)
  Xtahua (Vaults:4)
  The ghost of Switch the Slayer, a veteran DDFi of Makhleb (Vaults:4)
  Sojobo (Depths:1)
  41 royal mummies
  the Lernaean hydra (Swamp:4)
  2 golden dragons
  Arachne (Spider:2)
  Jory (Vaults:2)
  2 shard shrike zombies (Crypt:3)
  A tentacled monstrosity (Swamp:2)
  Jorgrun (D:13)
  A walking crystal tome (Depths:4)
  6 liches
  5 deep elf blademasters
  8 sphinxes
  11 ancient champions
  22 acid blobs
  Frances (D:14)
  3 deep elf master archers (Elf:3)
  A thorn hunter (Swamp:3)
  Roxanne (Spider:2)
  5 tengu reavers
  A storm dragon (Depths:4)
  5 revenants
  Aizul (Swamp:1)
  Donald (Spider:3)
  9 azure jellies
  16 rockslimes
  A fenstrider witch (Swamp:4)
  A draconian knight (Depths:4)
  8 fire giants
  3 imperial myrmidons (Desolation)
  A balrug (Depths:2)
  6 emperor scorpions
  A draconian scorcher (Depths:4)
  10 deep elf sorcerers (Elf:3)
  7 ghost moths
  11 frost giants
  An iron dragon (Depths:3)
  4 deep elf elementalists
  A curse skull (Crypt:2)
  9 vault wardens
  A draconian stormcaller (Depths:4)
  3 orc warlords
  3 ghouls
  13 ironbound preservers
  A broodmother (Spider:4)
  2 reapers
  12 quicksilver oozes
  A juggernaut skeleton (Crypt:3)
  6 spriggan defenders
  A juggernaut zombie (Crypt:3)
  8 formless jellyfish
  16 vampire knights
  4 eleionomae
  6 stone giants
  5 ironbound thunderhulks
  16 very ugly things
  5 deep elf demonologists
  A black draconian (Depths:4)
  A war gargoyle (Vaults:3)
  A red draconian (Depths:4)
  2 bunyips
  2 lorocyprocas
  8 deep elf annihilators
  7 deep elf death magi
  Azrael (D:12)
  A yellow draconian (Depths:4)
  7 spark wasps
  A white draconian (Depths:4)
  Snorg (D:13)
  9 dire elephants
  2 halazid warlocks (Desolation)
  4 crystal guardians
  17 ettins
  4 eidola
  A merfolk javelineer (Depths:1)
  An acid blob zombie (Crypt:3)
  16 yaktaur captains
  15 jiangshi
  A shambling mangrove (Swamp:3)
  27 mummy priests
  7 deep elf high priests
  A quicksilver dragon skeleton (Crypt:1)
  4 ragged hierophants (Desolation)
  11 fire dragons
  6 entropy weavers
  9 servants of whispers (Desolation)
  5 spriggan air magi
  16 great orbs of eyes
  5 vault guards
  13 hydras
  An ogre mage (D:15)
  4 rakshasas
  4 ice dragons
  A hell beast (Depths:2)
  14 peacekeepers
  5 radroaches
  8 alligators
  A death knight (Crypt:3)
  10 ironbound frosthearts
  2 ghost crabs
  9 two-headed ogres
  10 centaur warriors
  26 dancing weapons
  6 boulder beetles
  2 catoblepae
  55 death scarabs
  2 titan zombies (Crypt:3)
  A deep troll shaman (Depths:4)
  7 deep troll earth magi
  5 tengu warriors
  13 vampire magi
  3 occultists
  Urug (Orc:1)
  3 demonic crawlers
  2 orc high priests (Orc:2)
  5 spriggan berserkers
  Nergalle (D:11)
  3 storm dragon zombies
  A sun demon (Depths:2)
  19 deep elf knights
  4 soul eaters
  2 golden dragon zombies (Crypt:3)
  3 iron trolls
  A sixfirhy (Depths:2)
  A skyshark (Lair:3)
  Lodul (D:13)
  3 goliath frogs
  2 shadow wraiths
  4 pharaoh ants
  35 skeletal warriors
  A spectral spark wasp (Depths:2)
  A deep troll (shapeshifter) (Elf:1)
  10 orb spiders
  An anaconda zombie (Crypt:3)
  38 deep trolls
  An elf simulacrum (Tomb:1)
  10 spriggan druids
  A bunyip zombie (Crypt:3)
  8 bog bodies
  11 deep elf archers
  5 steelbarb worms
  3 glowing orange brains
  3 flayed ghosts
  Pikel (D:6)
  8 arcanists
  A shadow dragon zombie (Crypt:3)
  5 sun moths
  30 deep elf pyromancers
  9 lindwurms
  13 phantasmal warriors
  16 swamp dragons
  12 wolf spiders
  22 deep elf zephyrmancers
  2 necromancers
  A harpy (shapeshifter) (D:15)
  11 harpies
  20 ironbound convokers
  4 orc knights
  A tengu skeleton (Tomb:2)
  36 ugly things
  8 shining eyes
  A frost giant zombie (Crypt:1)
  An anaconda skeleton (Tomb:3)
  A shadow dragon skeleton (Crypt:3)
  6 cyclopes
  5 will-o-the-wisps
  4 orc sorcerers
  3 manticores
  2 guardian serpents (Desolation)
  6 meliai (Spider:3)
  6 elephants
  2 moths of wrath (Spider:3)
  7 black mambas
  19 vault sentinels
  2 eyes of devastation (Slime:4)
  7 kobold blastminers
  An alligator snapping turtle zombie (Crypt:3)
  3 gargoyles
  A shock serpent skeleton (Crypt:1)
  2 smoke demons
  6 torpor snails
  A minotaur zombie (Crypt:1)
  12 cane toads
  12 rime drakes
  A death yak zombie (Crypt:2)
  Maggie (D:7)
  2 centaur skeletons
  An unseen horror (D:13)
  12 yaktaurs
  55 guardian mummies
  18 komodo dragons
  4 freezing wraiths
  3 kobold demonologists (D:14)
  3 tengu conjurers
  A white draconian skeleton (Crypt:1)
  A hydra zombie (Tomb:1)
  An iron troll skeleton (Crypt:3)
  A polar bear (shapeshifter) (D:15)
  2 harpy zombies (Crypt:3)
  7 trolls
  Grinder (D:6)
  9 glass eyes
  28 hornets
  9 polar bears
  24 tarantellas
  Prince Ribbit (D:7)
  57 saltlings (Desolation)
  8 tyrant leeches
  24 blink frogs
  3 harpy skeletons (Tomb:3)
  An ettin zombie (Crypt:2)
  A boulder beetle zombie (Crypt:2)
  10 dream sheep
  136 slime creatures
  23 jumping spiders
  14 culicivoras
  A black mamba zombie (Crypt:3)
  2 shadows
  6 wraiths
  31 spriggans
  A spriggan (shapeshifter) (Elf:1)
  6 water elementals
  9 wyverns
  20 ushabtiu
  3 wargs
  20 vampires
  A dire elephant simulacrum (Tomb:1)
  7 basilisks
  72 yaks
  5 fire elementals
  A black mamba skeleton (Crypt:1)
  2 golden eyes (Slime:2)
  41 redbacks
  4 steam dragons
  7 vampire mosquitoes
  2 skyshark zombies
  14 water moccasins
  A glowing shapeshifter zombie (Crypt:3)
  2 hell hounds (D:12)
  8 swamp worms
  A merfolk skeleton (Crypt:2)
  A deep troll skeleton (Crypt:2)
  12 swamp drakes
  19 ogres
  An ice beast (D:7)
  25 orc warriors
  13 laughing skulls
  4 sky beasts (D:8)
  3 black bears
  6 boggarts
  19 wolves
  3 centaurs
  2 phantoms (D:6)
  3 lemures (D:6)
  An elf zombie (Ossuary)
  A draconian zombie (Crypt:3)
  3 weeping skulls
  16 bullfrogs
  A gnoll sergeant (D:8)
  A kobold brigand (D:9)
  2 earth elementals
  6 scorpions
  4 wights (D:6)
  A burial acolyte (Ossuary)
  19 killer bees (D:9)
  8 electric eels
  3 howler monkeys (D:9)
  A crimson imp (Orc:1)
  A bombardier beetle (D:14)
  2 centaur zombies
  2 bullfrog zombies (D:6)
  7 hounds
  An iron imp (Orc:1)
  A human zombie (D:6)
  11 orc priests
  Crazy Yiuf (D:3)
  A gnoll bouda (D:7)
  Terence (D:2)
  A sleepcap (D:7)
  3 iguanas
  17 orc wizards
  A basilisk skeleton (Crypt:1)
  A scorpion zombie (Crypt:1)
  A killer bee zombie (D:6)
  An ogre skeleton (Crypt:3)
  A naga skeleton (Crypt:3)
  A deep dwarf skeleton (Crypt:2)
  57 mummies
  Robin (D:2)
  13 gnolls
  11 adders
  3 shadow imps
  3 white imps
  2 ufetubi (D:6)
  An iguana skeleton (Crypt:1)
  5 dart slugs
  80 orcs
  A bat skeleton (Crypt:3)
  5 endoplasms
  5 giant cockroaches
  14 goblins
  23 hobgoblins
  15 kobolds
  3 quokkas
  7 ball pythons
  4 bats
  2 frilled lizards
  A gnoll skeleton (Crypt:1)
  6 gnoll zombies (Ossuary)
  A kobold zombie (Ossuary)
  5 rats
  A butterfly (Lair:5)
2443 creatures vanquished.

Vanquished Creatures (collateral kills)
  A lemure (D:6)
  A scorpion (D:5)
  A crimson imp (D:5)
  A hound (D:5)
  An adder (D:5)
  A quokka (D:5)
  8 foxfires
14 creatures vanquished.

Vanquished Creatures (others)
  A very ugly thing (Depths:3)
  A war gargoyle (Vaults:3)
  A servant of whispers (Desolation)
  A white imp (Orc:1)
  A hobgoblin (D:4)
  2 blazeheart cores
  1415 foxfires
1422 creatures vanquished.

Grand Total: 3879 creatures vanquished

Notes
Turn   | Place    | Note
-------+----------+-------------------------------------------
     0 | D:1      | Essalna the Deep Elf Fire Elementalist began the quest for
                  | the Orb.
     0 | D:1      | Reached XP level 1. HP: 10/10 MP: 6/6
   281 | D:1      | Reached XP level 2. HP: 15/15 MP: 5/8
   468 | D:1      | Learned a level 2 spell: Scorch
   751 | D:1      | Reached XP level 3. HP: 13/19 MP: 6/10
  1397 | D:2      | Noticed Robin
  1435 | D:2      | Reached skill level 4 in Fire Magic
  1638 | D:2      | Killed Robin
  1639 | D:2      | Reached XP level 4. HP: 23/24 MP: 7/12
  1773 | D:2      | Noticed Terence
  1862 | D:3      | Found an ancient bone altar of Kikubaaqudgha.
  2094 | D:3      | Reached XP level 5. HP: 28/28 MP: 9/14
  2210 | D:3      | Found a blossoming altar of Fedhas.
  2216 | D:3      | Learned a level 4 spell: Summon Blazeheart Golem
  2288 | D:3      | Found an opulent altar of Gozag.
  2673 | D:3      | Reached skill level 5 in Spellcasting
  2836 | D:3      | Found a runed translucent door.
  2837 | D:3      | Noticed Crazy Yiuf
  2887 | D:3      | Killed Crazy Yiuf
  2888 | D:3      | Reached skill level 1 in Summonings
  3291 | D:4      | Noticed an ogre
  3296 | D:4      | Killed an ogre
  3297 | D:4      | Reached skill level 1 in Fighting
  3297 | D:4      | Reached XP level 6. HP: 34/34 MP: 11/16
  3326 | D:4      | Reached skill level 5 in Fire Magic
  3674 | D:4      | Found a sand-covered staircase.
  3679 | Ossuary  | Entered an ossuary
  3887 | Ossuary  | Reached XP level 7. HP: 33/39 MP: 14/17
  4326 | D:4      | Found Nanorph's Jewellery Boutique.
  4383 | D:4      | Found a bloodstained altar of Trog.
  4846 | D:2      | Killed Terence
  5068 | D:2      | Found a faded altar of an unknown god.
  5193 | D:5      | Entered Level 5 of the Dungeon
  5394 | D:5      | Reached skill level 6 in Fire Magic
  5394 | D:5      | Reached XP level 8. HP: 42/45 MP: 13/20
  5401 | D:5      | Learned a level 4 spell: Flame Wave
  5452 | D:5      | Reached skill level 5 in Conjurations
  5967 | D:5      | Found a staircase to the Ecumenical Temple.
  5974 | Temple   | Entered the Ecumenical Temple
  5983 | Temple   | Became a worshipper of Vehumet
  6048 | D:5      | Found a burning altar of Makhleb.
  6206 | D:6      | Reached skill level 7 in Fire Magic
  6279 | D:6      | Found a shadowy altar of Dithmenos.
  6545 | D:6      | Reached XP level 9. HP: 52/52 MP: 14/23
  6648 | D:6      | Noticed Pikel
  6655 | D:6      | Killed Pikel
  6656 | D:6      | Reached skill level 1 in Armour
  7134 | D:6      | Found a basalt altar of Yredelemnul.
  7323 | D:6      | Reached * piety under Vehumet
  7323 | D:6      | Offered knowledge of Freeze by Vehumet.
  7442 | D:6      | Noticed Grinder
  7446 | D:6      | Killed Grinder
  7853 | D:7      | Noticed Maggie
  7863 | D:7      | Killed Maggie
  7864 | D:7      | Reached skill level 8 in Fire Magic
  7864 | D:7      | Reached XP level 10. HP: 58/58 MP: 15/25
  7926 | D:7      | Found a snail-covered altar of Cheibriados.
  8076 | D:7      | Found a broken altar of Ashenzari.
  8092 | D:7      | Noticed Prince Ribbit
  8101 | D:7      | Killed Prince Ribbit
  8102 | D:7      | Reached skill level 5 in Dodging
  8256 | D:7      | Reached skill level 5 in Fighting
  9071 | D:8      | Reached ** piety under Vehumet
  9076 | D:8      | Offered knowledge of Sting by Vehumet.
  9090 | D:8      | Gained mutation: You are partially covered in iridescent
                  | scales. (AC +2) [potion of mutation]
  9090 | D:8      | Gained mutation: You are dopey. (Int -2) [potion of
                  | mutation]
  9292 | D:8      | Reached skill level 10 in Spellcasting
 10154 | D:8      | Learned a level 6 spell: Plasma Beam
 10530 | D:9      | Reached skill level 1 in Air Magic
 10530 | D:9      | Reached XP level 11. HP: 64/64 MP: 23/27
 10578 | D:9      | Found Ugemp's Weapon Boutique.
 10596 | D:9      | Offered knowledge of Mephitic Cloud by Vehumet.
 10712 | D:9      | Reached *** piety under Vehumet
 10736 | D:9      | Reached skill level 9 in Fire Magic
 10998 | D:9      | Found a staircase to the Lair.
 11376 | D:9      | Offered knowledge of Frozen Ramparts by Vehumet.
 11602 | D:9      | Found a roughly hewn altar of Beogh.
 11602 | D:9      | Found a staircase to the Orcish Mines.
 11747 | Orc:1    | Entered Level 1 of the Orcish Mines
 11747 | Orc:1    | Noticed an orc sorcerer
 11754 | Orc:1    | Killed an orc sorcerer
 11850 | Lair:1   | Entered Level 1 of the Lair of Beasts
 12003 | Lair:1   | Found a shimmering altar of Xom.
 12028 | Lair:1   | Reached **** piety under Vehumet
 12056 | Lair:1   | Offered knowledge of Dazzling Flash by Vehumet.
 12279 | Lair:1   | Reached skill level 5 in Armour
 12936 | Lair:2   | Noticed a catoblepas
 13036 | Lair:2   | Reached XP level 12. HP: 56/71 MP: 9/29
 13219 | Lair:2   | Found a hole to the Spider Nest.
 13245 | Lair:2   | Reached skill level 1 in Shields
 13381 | Lair:2   | Reached skill level 10 in Fire Magic
 13472 | Lair:2   | Noticed an eight-headed hydra
 13478 | Lair:2   | Killed an eight-headed hydra
 13713 | Lair:2   | Reached skill level 5 in Air Magic
 13930 | Lair:2   | Killed a catoblepas
 14137 | Lair:2   | Found a staircase to the Swamp.
 14154 | Lair:2   | Reached skill level 10 in Conjurations
 14454 | Lair:3   | Reached ***** piety under Vehumet
 14537 | Lair:3   | Offered knowledge of Conjure Ball Lightning by Vehumet.
 14767 | Lair:3   | Reached XP level 13. HP: 77/77 MP: 28/31
 15102 | Lair:3   | Reached skill level 11 in Fire Magic
 16191 | Lair:4   | Found a viscous altar of Jiyva.
 17118 | Lair:4   | Found a staircase to the Slime Pits.
 17146 | Lair:4   | Reached skill level 12 in Fire Magic
 17260 | Lair:4   | Found the +4 skin of Zhor {*Englaciate rC+++ SInv}
 17860 | Lair:5   | Entered Level 5 of the Lair of Beasts
 18234 | Lair:5   | Reached XP level 14. HP: 86/86 MP: 10/32
 18259 | Lair:5   | Offered knowledge of Yara's Violent Unravelling by Vehumet.
 18734 | Lair:5   | Reached skill level 13 in Fire Magic
 19379 | Lair:5   | Reached skill level 10 in Air Magic
 20530 | Orc:1    | Reached skill level 10 in Fighting
 20969 | Orc:1    | Noticed Urug
 21108 | Orc:1    | Killed Urug
 21609 | Orc:2    | Entered Level 2 of the Orcish Mines
 21609 | Orc:2    | Found a roughly hewn altar of Beogh.
 21617 | Orc:2    | Noticed an orc warlord
 21753 | Orc:2    | Found Diprapowk's General Store.
 21794 | Orc:2    | Offered knowledge of Iskenderun's Battlesphere by Vehumet.
 22031 | Orc:2    | Killed an orc warlord
 22032 | Orc:2    | Reached skill level 14 in Fire Magic
 22167 | Orc:2    | Found Kierum's Antique Armour Shoppe.
 22175 | Orc:2    | Bought a pair of glowing boots for 225 gold pieces
 22231 | Orc:2    | Found Reraewni's Antique Weapon Boutique.
 22639 | Orc:2    | Bought a scroll of teleportation for 36 gold pieces
 22646 | Orc:2    | Found Cughuh's Jewellery Shop.
 22750 | Orc:2    | Found a staircase to the Elven Halls.
 22947 | D:10     | Entered Level 10 of the Dungeon
 23529 | D:10     | Identified a scroll of acquirement
 23533 | D:10     | Acquired the +0 pair of boots of Yredelemnul's Delight
                  | {*Corrode Fly Will++ Dex+2}
 23567 | D:10     | Found Suapluc's Assorted Antiques.
 23845 | D:11     | Noticed Nergalle
 23847 | D:11     | Killed Nergalle
 24165 | D:11     | Reached XP level 15. HP: 93/93 MP: 27/33
 24674 | Orc:2    | Bought the amulet of Vitality {RegenMP++ Regen++} for 1700
                  | gold pieces
 24674 | Orc:2    | Found the amulet of Vitality {RegenMP++ Regen++}
 25240 | D:12     | Noticed Azrael
 25243 | D:12     | Killed Azrael
 25570 | D:13     | Noticed Snorg
 25572 | D:13     | Killed Snorg
 25689 | D:13     | Noticed Lodul
 25692 | D:13     | Killed Lodul
 25888 | D:13     | Noticed Jorgrun
 25891 | D:13     | Killed Jorgrun
 26108 | D:13     | Reached skill level 15 in Fire Magic
 26201 | D:13     | Offered knowledge of Lee's Rapid Deconstruction by Vehumet.
 26368 | D:13     | Found a portal to a secret trove of treasure.
 26701 | D:14     | Found a gate to the Vaults.
 26835 | D:14     | Noticed Frances
 26848 | D:14     | Killed Frances
 27370 | D:14     | Found a snail-covered altar of Cheibriados.
 27644 | D:15     | Entered Level 15 of the Dungeon
 27989 | D:15     | Offered knowledge of Bombard by Vehumet.
 28029 | D:15     | Acquired 1105 gold pieces
 28054 | D:15     | Reached skill level 16 in Fire Magic
 28088 | D:15     | Reached XP level 16. HP: 101/101 MP: 5/34
 28182 | D:15     | Found a staircase to the Depths.
 28736 | Swamp:1  | Entered Level 1 of the Swamp
 28750 | Lair:2   | Learned a level 8 spell: Ignition
 29315 | Swamp:2  | Noticed a tentacled monstrosity
 29395 | Swamp:2  | Identified the serpent talisman "Doataarph" {rN+ rCorr
                  | Dex-4 SInv}
 29395 | Swamp:2  | Noticed Aizul
 29402 | Swamp:1  | Killed Aizul
 29448 | Swamp:2  | Offered knowledge of Fireball by Vehumet.
 29457 | Swamp:1  | Learned a level 5 spell: Fireball
 29635 | Swamp:2  | Killed a tentacled monstrosity
 29797 | Swamp:2  | Reached skill level 17 in Fire Magic
 30049 | Swamp:3  | Noticed a thorn hunter
 30052 | Swamp:3  | Reached skill level 15 in Air Magic
 30053 | Swamp:3  | Killed a thorn hunter
 30566 | Swamp:4  | Entered Level 4 of the Swamp
 30819 | Swamp:4  | Reached XP level 17. HP: 109/109 MP: 9/35
 31002 | Swamp:4  | Noticed the 27-headed Lernaean hydra
 31010 | Swamp:4  | Offered knowledge of Starburst by Vehumet.
 31098 | Swamp:4  | Killed the 27-headed Lernaean hydra
 31264 | Swamp:4  | Got a decaying rune of Zot
 31669 | Elf:1    | Entered Level 1 of the Elven Halls
 32064 | Elf:1    | Reached skill level 18 in Fire Magic
 32661 | Elf:2    | Reached ****** piety under Vehumet
 32884 | Elf:2    | Found a runed translucent gate.
 32884 | Elf:2    | Found a runed translucent gate.
 32884 | Elf:2    | Found a runed translucent gate.
 32958 | Elf:2    | HP: 4/112 [+2 vampiric glaive (33)]
 33295 | Vaults:1 | Entered Level 1 of the Vaults
 33518 | Spider:1 | Entered Level 1 of the Spider Nest
 34351 | Spider:2 | Offered knowledge of Fire Storm by Vehumet.
 34351 | Spider:2 | Offered knowledge of Polar Vortex by Vehumet.
 34351 | Spider:2 | Offered knowledge of Maxwell's Capacitive Coupling by
                  | Vehumet.
 34410 | Spider:2 | Reached XP level 18. HP: 117/117 MP: 11/36
 34420 | Spider:2 | Learned a level 8 spell: Maxwell's Capacitive Coupling
 34428 | Spider:2 | Reached skill level 19 in Fire Magic
 34470 | Spider:2 | Noticed Arachne
 34474 | Spider:2 | Killed Arachne
 34671 | Spider:2 | Noticed Roxanne
 34716 | Spider:2 | Killed Roxanne
 34750 | Spider:2 | Identified the +12 hand axe of Uskayaw, Mauling {flame,
                  | MP+9 Dex+7 SInv}
 35268 | Spider:3 | Reached skill level 15 in Fighting
 35395 | Spider:3 | Noticed Donald
 35397 | Spider:3 | Killed Donald
 35471 | Spider:3 | Upgraded the game from 0.32-a0-377-g951292165a to
                  | 0.32-a0-401-g0bcb2a7693
 35732 | Spider:4 | Entered Level 4 of the Spider Nest
 36434 | Spider:4 | Identified the -1 pair of gloves "Vetis" {Str+3}
 36446 | Spider:4 | Got a gossamer rune of Zot
 37277 | Elf:2    | Found a runed translucent gate.
 37278 | Elf:2    | Found a runed translucent gate.
 37278 | Elf:2    | Found a runed translucent gate.
 38030 | Elf:2    | Reached XP level 19. HP: 124/124 MP: 34/37
 38104 | Elf:2    | Reached skill level 20 in Fire Magic
 38376 | Elf:3    | Entered Level 3 of the Elven Halls
 38615 | Elf:3    | Found Penysas's Antique Armour Boutique.
 38621 | Elf:3    | Bought a warped leather armour for 266 gold pieces
 38621 | Elf:3    | Identified the +0 leather armour "Mopam" {rF+ Str+3 Dex+2}
                  | (You bought it in a shop on level 3 of the Elven Halls)
 39033 | Elf:3    | Identified the +7 hand axe of Baalomun {drain, rF+}
 39191 | Elf:3    | Identified the +0 plate armour of Sloth {rPois}
 39212 | Elf:3    | Identified the amulet of Wuam {RegenMP Harm Str+4}
 39259 | Elf:3    | Identified the +2 long sword of Doom {flame, *Slow rN+++
                  | Int+3 Stlth+}
 39305 | Elf:3    | Identified the +6 dagger of Ywa Sual {holy, ^Drain Will+
                  | Str+3}
 39321 | Elf:3    | Identified the staff of the Antique God {rN+ Dex+6 Necro}
 39374 | Elf:3    | Got Umpaunast's Spellbook of Assembled Momentum
 39383 | Elf:3    | Got the Volume of Direction and Gloom
 39943 | Slime:1  | Entered Level 1 of the Pits of Slime
 39977 | Slime:1  | HP: 6/125 [rockslime (49)]
 40159 | Slime:1  | Gained mutation: Your flesh is cold resistant. (rC+) [a
                  | shining eye]
 41269 | Slime:2  | Reached skill level 5 in Shields
 42041 | Slime:2  | Reached XP level 20. HP: 131/131 MP: 38/38
 42661 | Slime:5  | Entered Level 5 of the Pits of Slime
 42956 | Slime:4  | HP: 5/131 [rockslime (25)]
 43015 | Slime:5  | Reached skill level 10 in Shields
 43020 | Slime:5  | Reached skill level 1 in Shapeshifting
 43028 | Slime:5  | Noticed the Royal Jelly
 43185 | Slime:5  | Killed the Royal Jelly
 43618 | Slime:5  | Reached skill level 5 in Shapeshifting
 43682 | Slime:5  | Got the Verses on Refrigeration and Conjury
 43691 | Slime:5  | Identified the +3 ring mail "Fokkor" {+Inv rPois Dex+8
                  | Stlth-}
 43703 | Slime:5  | Got the Textbook on Hindering Conflict
 43725 | Slime:5  | Identified the +4 lajatang "Ruez" {holy, Dex+2}
 43738 | Slime:5  | Got a slimy rune of Zot
 43744 | Slime:5  | Identified the +0 hand axe "Xeptaygo" {drain, Int+3}
 43745 | Slime:5  | Identified the amulet "Enwyjaduqa" {RegenMP rPois SInv}
 43794 | Slime:5  | Identified the ring of Debasuapri {Fire ^Drain +Blink rElec
                  | Will+ Int+3}
 44250 | Depths:1 | Entered Level 1 of the Depths
 44250 | Depths:1 | Noticed Sojobo
 44351 | Depths:1 | Paralysed by an air elemental for 1 turns
 44355 | Depths:1 | Killed Sojobo
 44638 | Depths:1 | Found a one-way gate to the infinite horrors of the Abyss.
 44875 | Depths:1 | Found a one-way gate leading to the halls of Pandemonium.
 44956 | Depths:1 | Found a gateway to Hell.
 45124 | Depths:1 | Noticed a juggernaut
 45130 | Depths:1 | Killed a juggernaut
 45367 | Depths:2 | Reached skill level 10 in Shapeshifting
 45386 | Depths:2 | Reached XP level 21. HP: 113/136 MP: 4/39
 45953 | Depths:2 | Found a shimmering altar of Xom.
 46250 | Depths:2 | You are sucked into a shaft and drop 1 floor!
 46309 | Depths:3 | Noticed a golden dragon
 46435 | Depths:3 | Found a blossoming altar of Fedhas.
 46666 | Depths:3 | Killed a golden dragon
 47018 | Depths:2 | Identified the +6 giant spiked club of Iggin {flame, Str+3}
 48089 | Depths:4 | Entered Level 4 of the Depths
 48208 | Depths:4 | Reached skill level 15 in Shapeshifting
 48641 | Depths:4 | Found a one-way gateway to a ziggurat.
 48703 | Depths:4 | Reached XP level 22. HP: 142/142 MP: 16/40
 49003 | Depths:4 | Found a gate to the Realm of Zot.
 49003 | Depths:4 | Noticed a golden dragon
 49008 | Depths:4 | Killed a golden dragon
 50428 | Vaults:1 | Found Zoir's Jewellery Shop.
 50769 | Vaults:2 | Noticed Jory
 50774 | Vaults:2 | Killed Jory
 50961 | Vaults:2 | Found Facvifeom's General Store.
 50966 | Vaults:2 | Bought a potion of heal wounds for 80 gold pieces
 50975 | Vaults:2 | Noticed Mara
 50980 | Vaults:2 | Noticed Essalna's illusion
 51056 | Vaults:2 | Noticed Essalna's illusion
 51057 | Vaults:2 | Killed Mara
 51071 | Vaults:2 | Found a crumbling gateway.
 51078 | Desolati | Entered the Desolation of Salt
 51233 | Desolati | Identified the +0 leather armour "Isoweor" {rPois}
 51238 | Desolati | Identified the ring "Jowod" {rN++ rCorr AC+4}
 51252 | Desolati | Got Sif Muna's Omnibus of Heated Darkness
 51259 | Desolati | Identified the +7 hand axe "Kuigh" {distort, Dex+3}
 51261 | Desolati | Got the Incunable of the Metallic Iceberg
 51261 | Desolati | Identified the amulet "Maevvese" {Acrobat Dex+3}
 51337 | Desolati | Identified the +1 plate armour of Grace {Dex+5 Slay-3}
 51448 | Desolati | Identified the ring of the Morning {Fire Dex+4}
 51566 | Desolati | Identified the ring "Bolodasy" {MP+9 EV+5 Int-3 Slay+3
                  | Stlth+}
 51574 | Desolati | Identified the ring of Nies {rN+ rCorr Dex+6 Stlth+}
 51594 | Desolati | Identified the +10 war axe of Voxoirirr {freeze, rC- Will+
                  | Int+4}
 51906 | Vaults:2 | Reached XP level 23. HP: 147/147 MP: 31/41
 52996 | Vaults:3 | You are sucked into a shaft and drop 1 floor!
 53000 | Vaults:4 | Paralysed by a formless jellyfish for 1 turns
 54380 | Vaults:3 | Found a staircase to the Crypt.
 54882 | Vaults:4 | Found Qageni's General Store.
 54933 | Vaults:4 | Found a runed translucent gate.
 54933 | Vaults:4 | Found a runed translucent gate.
 54934 | Vaults:4 | Found a runed translucent gate.
 54935 | Vaults:4 | Noticed Switch's ghost (veteran DDFi)
 54955 | Vaults:4 | Killed Switch's ghost
 55032 | Vaults:4 | Noticed Xtahua
 55048 | Vaults:4 | Killed Xtahua
 55479 | Crypt:1  | Entered Level 1 of the Crypt
 55706 | Crypt:1  | Found a basalt altar of Yredelemnul.
 55806 | Crypt:1  | Reached skill level 21 in Fire Magic
 56192 | Crypt:1  | Reached XP level 24. HP: 154/154 MP: 41/41
 56846 | Crypt:2  | Got the Quarto of the Feathery Quarry
 57181 | Crypt:3  | Entered Level 3 of the Crypt
 57272 | Crypt:3  | Noticed an ancient lich
 57279 | Crypt:3  | Killed an ancient lich
 57377 | Crypt:3  | Found a staircase to the Tomb.
 57542 | Crypt:3  | Acquired 619 gold pieces
 57758 | Crypt:3  | Reached skill level 15 in Conjurations
 57900 | Crypt:3  | Got Kikubaaqudgha's Codex of the Mausoleum
 57922 | Crypt:3  | Found the ring of the Mage {Wiz Archmagi}
 58181 | Crypt:3  | Identified the +0 morningstar of Hamne {protect, rElec rC-
                  | rCorr}
 59166 | Tomb:1   | Entered Level 1 of the Tomb of the Ancients
 59224 | Tomb:1   | Reached skill level 22 in Fire Magic
 59353 | Tomb:1   | Noticed a royal mummy
 59353 | Tomb:1   | Noticed a royal mummy
 59361 | Tomb:1   | Killed a royal mummy
 59365 | Tomb:1   | Noticed a royal mummy
 59366 | Tomb:1   | Killed a royal mummy
 59367 | Tomb:1   | Noticed a royal mummy
 59369 | Tomb:1   | Noticed a royal mummy
 59369 | Tomb:1   | Noticed a royal mummy
 59373 | Tomb:1   | Noticed a royal mummy
 59500 | Tomb:1   | Learned a level 9 spell: Fire Storm
 59672 | Tomb:1   | Noticed a royal mummy
 59683 | Tomb:1   | Killed a royal mummy
 59809 | Tomb:1   | Noticed a royal mummy
 59850 | Tomb:1   | Killed a royal mummy
 59992 | Tomb:1   | Reached XP level 25. HP: 100/162 MP: 43/43
 60492 | Tomb:2   | Noticed a royal mummy
 60492 | Tomb:2   | Noticed a royal mummy
 60492 | Tomb:2   | Noticed a royal mummy
 60492 | Tomb:2   | Noticed a royal mummy
 60494 | Tomb:2   | Noticed Khufu
 60494 | Tomb:2   | Noticed a royal mummy
 60500 | Tomb:2   | Killed a royal mummy
 60501 | Tomb:2   | Killed a royal mummy
 60501 | Tomb:2   | Noticed a royal mummy
 60503 | Tomb:2   | Killed a royal mummy
 60506 | Tomb:2   | Killed Khufu
 60506 | Tomb:2   | Killed a royal mummy
 60509 | Tomb:2   | Killed a royal mummy
 60509 | Tomb:2   | Killed a royal mummy
 60510 | Tomb:2   | Reached skill level 23 in Fire Magic
 60854 | Tomb:1   | Noticed a royal mummy
 60854 | Tomb:1   | Noticed a royal mummy
 60854 | Tomb:1   | Noticed a royal mummy
 60854 | Tomb:1   | Noticed a royal mummy
 60854 | Tomb:1   | Noticed a royal mummy
 60857 | Tomb:1   | Noticed a royal mummy
 60857 | Tomb:1   | Noticed a royal mummy
 60858 | Tomb:1   | Killed a royal mummy
 60858 | Tomb:1   | Killed a royal mummy
 60858 | Tomb:1   | Killed a royal mummy
 60858 | Tomb:1   | Killed a royal mummy
 60859 | Tomb:1   | Killed a royal mummy
 60859 | Tomb:1   | Noticed a royal mummy
 60861 | Tomb:1   | Noticed a royal mummy
 60861 | Tomb:1   | Noticed a royal mummy
 60861 | Tomb:1   | Noticed a royal mummy
 60862 | Tomb:1   | Noticed a royal mummy
 60864 | Tomb:1   | Killed a royal mummy
 60864 | Tomb:1   | Killed a royal mummy
 60864 | Tomb:1   | Killed a royal mummy
 60865 | Tomb:1   | Killed a royal mummy
 60865 | Tomb:1   | Killed a royal mummy
 60866 | Tomb:1   | Killed a royal mummy
 60866 | Tomb:1   | Killed a royal mummy
 60867 | Tomb:1   | Killed a royal mummy
 60870 | Tomb:1   | Killed a royal mummy
 60921 | Tomb:1   | Noticed a royal mummy
 60926 | Tomb:1   | Killed a royal mummy
 60927 | Tomb:1   | Noticed a royal mummy
 60932 | Tomb:1   | Killed a royal mummy
 60954 | Tomb:1   | Noticed a royal mummy
 60963 | Tomb:1   | Killed a royal mummy
 60964 | Tomb:1   | Reached skill level 24 in Fire Magic
 60984 | Tomb:1   | Noticed a royal mummy
 60993 | Tomb:1   | Killed a royal mummy
 61059 | Tomb:1   | Noticed a royal mummy
 61066 | Tomb:1   | Killed a royal mummy
 61083 | Tomb:1   | Noticed a royal mummy
 61084 | Tomb:1   | Noticed a royal mummy
 61091 | Tomb:1   | Killed a royal mummy
 61094 | Tomb:1   | Killed a royal mummy
 61095 | Tomb:1   | Killed a royal mummy
 61187 | Tomb:1   | Killed a royal mummy
 61258 | Tomb:1   | Killed a royal mummy
 61403 | Tomb:2   | Reached XP level 26. HP: 168/168 MP: 11/43
 61548 | Tomb:3   | Entered Level 3 of the Tomb of the Ancients
 61565 | Tomb:3   | Noticed a royal mummy
 61565 | Tomb:3   | Noticed a royal mummy
 61565 | Tomb:3   | Noticed a royal mummy
 61565 | Tomb:3   | Noticed a royal mummy
 61565 | Tomb:3   | Noticed a royal mummy
 61565 | Tomb:3   | Noticed a royal mummy
 61565 | Tomb:3   | Noticed a royal mummy
 61565 | Tomb:3   | Noticed a royal mummy
 61567 | Tomb:3   | Killed a royal mummy
 61567 | Tomb:3   | Killed a royal mummy
 61567 | Tomb:3   | Killed a royal mummy
 61568 | Tomb:3   | Killed a royal mummy
 61568 | Tomb:3   | Killed a royal mummy
 61568 | Tomb:3   | Killed a royal mummy
 61568 | Tomb:3   | Killed a royal mummy
 61589 | Tomb:3   | Slain by a bennu

Illustrated notes

Levels and vault maps discovered:
D:1:      eino_arrival_tree_alley, layout_basic
D:2:      layout_rooms, dreamdust_ecumenical_altar_grove, uniq_robin,
          uniq_terence
D:3:      layout_basic, mainiacjoe_overflow_alcove_2,
          mainiacjoe_overflow_boulevard, mainiacjoe_overflow_paths,
          minmay_joined_circles, uniq_crazy_yiuf_cottage
D:4:      layout_basic, trog_hazing_becter, nicolae_ossuary_entry_ruins,
          serial_shops, nicolae_shop_tiny_waterfront
D:5:      layout_rooms, makhleb_grotto_becter, temple_green,
          guppyfry_early_lair_pool
D:6:      layout_basic, lemuel_mausoleum_altar_yredelemnul,
          grunt_dithmenos_shadows, uniq_grinder, uniq_pikel
D:7:      layout_rooms, ashenzari_conservatory_becter,
          mainiacjoe_overflow_alcove_1, chequers_serial_rivers_marsh,
          chequers_jeans, uniq_prince_ribbit1, uniq_maggie
D:8:      layout_basic, hangedman_misty_isle
D:9:      layout_loops_ring, erik_lair_island, david_orc_5, serial_shops, shop
D:10:     layout_loops_ring, serial_shops, nicolae_shop_dealshenge
D:11:     layout_cave_pools, uniq_nergalle
D:12:     layout_grid_maze, minmay_fountain_box, uniq_azrael
D:13:     layout_basic, nicolae_trove_entry_columns, disabler_island,
          uniq_lodul, uniq_jorgrun, uniq_snorg
D:14:     cheibrodos_orc_bank, layout_long_grid,
          hellmonk_vaults_attempted_burglary, slow_altar_2, uniq_frances
D:15:     hangedman_depths_entry_civil_slaughter, layout_long_grid,
          chequers_serial_rivers_small_b, hangedman_abyss_or_decor_stabs
Temple:   nicolae_temple_ecumenical_triangle
Lair:1:   layout_regular_city, basic_altar, nicolae_lair_lil_pond,
          dreamdust_mushroom_princess, grunt_forest_small_clearing_treed,
          grunt_megastairs_4
Lair:2:   layout_regular_city, mainiacjoe_swamp_entry_angry_trees,
          spider_nest_entry_a, serial_bayou_shore_b, serial_bayou_shore_a,
          grunt_megastairs_1
Lair:3:   nzn_winding_woodlands_three_and_one
          [nzn_winding_woodlands_5x15_sidewinder,
          nzn_winding_woodlands_5x15_cabin,
          nzn_winding_woodlands_5x15_lazy_stream,
          nzn_winding_woodlands_center_pierced_h], layout_hall_layers
Lair:4:   layout_regular_city, minmay_slime_entry_pillars,
          hellmonk_guarded_unrand_zhor
Lair:5:   minmay_lair_end_enchanted_forest, layout_regular_city, st_stairs_9,
          lemuel_fruit_fields
Swamp:1:  layout_basic_swamp, nicolae_swamp_decorative_isthmus, swamp_pool_5
Swamp:2:  layout_basic_swamp, infiniplex_staircase_pool, uniq_aizul
Swamp:3:  layout_basic_swamp, evilmike_swamp_ruin_rubble_2
Swamp:4:  swamp_old_school, layout_basic_swamp
Spider:1: layout_cave_pods, nicolae_spider_some_kinda_spiderbox
Spider:2: layout_spider_delve, uniq_roxanne, uniq_arachne
Spider:3: layout_spider_delve, uniq_donald
Spider:4: spider_rune_water
Slime:1:  layout_caves, nicolae_slime_phagocytosis
Slime:2:  nicolae_slime_pool, layout_caves
Slime:3:  layout_caves
Slime:4:  layout_caves
Slime:5:  slime_pit_nicolae_royal_road_to_ruin
Orc:1:    layout_caves, hangedman_minor_magic, uniq_urug
Orc:2:    grunt_orc_gardens, layout_caves, grunt_orc_garden, grunt_orc_garden,
          grunt_orc_garden, grunt_orc_garden, basic_altar
Elf:1:    nicolae_elf_arrival_fired_up, layout_geoelf_diagonals,
          nicolae_elf_blasts_and_bolts, eino_tiny_chamber
Elf:2:    nicolae_elf_blades_splatter_lattice
          [nicolae_blade_entry_hurt_lockers], layout_gridlike,
          nicolae_elf_hall_of_bonks
Elf:3:    minmay_elf_hall_furrowed, layout_loops_ring, serial_shops,
          nicolae_shop_dealshenge
Vaults:1: nicolae_vaults_tetromino_L_2, nicolae_vaults_double_plus_2, v_misc_15,
          nicolae_vaults_double_plus_2, vaults_mumra_chevron_long,
          nicolae_vaults_stepped_doors, v_pattern_3,
          nicolae_vaults_specimen_jars, nicolae_vaults_heart-shaped_vault,
          nicolae_vaults_network_periphery, v_misc_24, vaults_mumra_hexcomb,
          nicolae_vaults_oval_intersection, nicolae_vaults_trapezoid_1,
          layout_vaults_maze, serial_shops, shop
Vaults:2: portal_desolation_entry_ruin,
          nicolae_vaults_antechamber_and_loot_room, vaults_room_door_ring,
          vaults_standard_mumra_enter_the_diamond, v_misc_32,
          nicolae_vaults_door_testing_chamber, nicolae_vaults_weapon_check,
          dpeg_vaults_monster_row, vaults_room_pools,
          nicolae_vaults_ring_of_whatevers, nicolae_vaults_storage_closets_3,
          nicolae_vaults_little_squares_2, hangedman_vaults_stretched_pinwheel,
          layout_vaults_omnicross, serial_shops,
          nicolae_shop_tiny_real_fake_doors, uniq_jory, uniq_mara
Vaults:3: v_pattern_5, ontoclasm_vaults_claustrophobia,
          nicolae_vaults_wine_cellar, vaults_room_pools,
          minmay_crypt_entry_simple_round, ontoclasm_vaults_eye, v_misc_4,
          ontoclasm_vaults_fire_temple, nicolae_vaults_closet_pinwheel_6,
          nicolae_vaults_storage_room_glass, vaults_room_door_ring,
          layout_vaults_ring
Vaults:4: ebering_ghost_rock_garden, v_rooms_1, nicolae_vaults_turnstiles,
          grunt_vaults_hallway_long, nicolae_vaults_circle_grid_a, v_misc_27,
          nicolae_vaults_meiosis, vaults_mumra_lcd,
          ontoclasm_vaults_loading_screen, vaults_dpeg_encased_lava,
          nicolae_vaults_house_1, layout_vaults_chaotic_city, serial_shops,
          nicolae_shop_crystal, uniq_xtahua
Crypt:1:  layout_regular_city, weyrava_vampire_temple, grunt_crypt_arrival_split
Crypt:2:  layout_misc_corridors, roderic_lattice_octagonal_star
Crypt:3:  due_elkab, layout_chaotic_city, serial_co_window_serial,
          co_window_corner_a, co_window_of_opportunity_a, co_window_paths_a,
          co_window_corner_a, co_window_cross_1, co_window_of_opportunity_a,
          co_window_paths_b, co_window_paths_c, co_window_of_opportunity_b,
          co_window_corner_ca, glass_columns_b, glass_columns_c,
          glass_columns_b, glass_columns_a, moated_statue
Tomb:1
Tomb:2:   uniq_khufu
Tomb:3
Depths:1: layout_cave_pools, abyss_entry_crystal, minmay_hedge_maze,
          grunt_pan_entry_spiral, serial_library,
          serial_library_hellmonk_small_alcove,
          serial_library_hellmonk_junction,
          serial_library_regret_index_branch_corner,
          serial_library_regret_index_small_wings,
          serial_library_hellmonk_small_corner,
          serial_library_regret_index_double_sided, pf_hell_entry_tar_spiral,
          grunt_tough_drop, uniq_sojobo
Depths:2: grunt_double_whammy, layout_honeycomb, grunt_mini_vestibule,
          rand_demon_pan_entry_1, regret_index_xom_buried_treasure
Depths:3: nicolae_hitomezashi [nicolae_hito_row, nicolae_hito_row,
          nicolae_hito_row, nicolae_hito_row, nicolae_hito_row,
          nicolae_hito_row, nicolae_hito_row, nicolae_hito_row,
          nicolae_hito_row, nicolae_hito_row, nicolae_hito_row,
          nicolae_hito_row, nicolae_hito_row, nicolae_hito_row,
          nicolae_hito_row, nicolae_hito_row, nicolae_hito_row,
          nicolae_hito_row], layout_honeycomb, hell_entry, fedhas_altar_3,
          nicolae_abyss_entry_one_way_or_another, rand_demon_pan_entry_4,
          hangedman_decor_slide_cut, lightli_minifort, minmay_staircase_statues
Depths:4: grunt_zot_entry_bicorn, layout_basic, enter_ziggurat_d,
          minmay_misc_feat_iff, hell_entry, serial_bayou_shore_b

Skill      XL: |  1  2  3  4  5  6  7  8  9 10 11 12 13 14 15 16 17 18 19 20 21 22 23 24 25 26 |
---------------+-------------------------------------------------------------------------------+-----
Conjurations   | 2 3 4 6 7 8 9 10 12 13 14 16 19 21 | 21.7
Spellcasting   | 4 5 6 8 9 10 11 12 14 | 14.0
Fire Magic     | 4 5 6 7 8 9 10 12 14 16 17 18 19 20 21 22 24 | 24.0
Summonings     | 1 2 3 4 |  4.0
Fighting       | 1 2 3 4 5 6 7 9 10 12 13 14 15 16 17 18 | 18.0
Armour         | 2 4 5 6 |  6.1
Dodging        | 4 6 7 8 |  8.0
Air Magic      | 1 4 6 9 11 13 15 17 18 19 | 19.0
Shields        | 3 4 7 10 | 10.0
Shapeshifting  | 10 16 20 23 | 23.0
Stealth        | |  2.4

Action                     |  1- 3 |  4- 6 |  7- 9 | 10-12 | 13-15 | 16-18 | 19-21 | 22-24 | 25-27 || total
---------------------------+-------+-------+-------+-------+-------+-------+-------+-------+-------++-------
  Melee: Unarmed           |     3 |       |       |       |       |       |       |       |       ||     3
         Short sword       |     1 |    37 |       |    13 |    22 |    40 |       |       |       ||   113
         Staff             |       |       |    34 |     9 |    58 |    41 |       |       |       ||   142
         Hand axe          |       |       |       |       |       |     2 |    18 |    30 |       ||    50
   Cast: Foxfire           |    76 |   131 |   216 |   330 |    68 |       |       |     1 |       ||   822
         Scorch            |     3 |     4 |    58 |    77 |    41 |     3 |       |       |       ||   186
         Summon Blazeheart |       |       |     6 |     1 |       |     1 |       |       |       ||     8
         Flame Wave        |       |       |     6 |    58 |    51 |     5 |       |       |       ||   120
         Plasma Beam       |       |       |       |       |   386 |   548 |   709 |   935 |   156 ||  2734
         Ignition          |       |       |       |       |       |    19 |    22 |    51 |    65 ||   157
         Fireball          |       |       |       |       |       |     3 |     1 |       |       ||     4
         Maxwell's Capacit |       |       |       |       |       |    13 |    11 |    11 |       ||    35
  Evoke: Condenser vane    |       |       |       |       |       |       |       |       |     1 ||     1
    Use: Scroll            |       |     3 |       |       |    16 |    15 |     7 |     4 |    10 ||    55
         Potion            |       |     1 |       |     2 |       |     2 |     4 |     3 |       ||    12
   Stab: Sleeping          |       |     2 |       |       |       |       |       |       |       ||     2
 Armour: Robe              |    15 |    22 |    54 |    49 |       |       |    56 |   238 |     3 ||   437
         Troll leather arm |       |       |       |    86 |   203 |   216 |   124 |       |    93 ||   722
  Dodge: Dodged            |    29 |    49 |    90 |   195 |   221 |   306 |   178 |   319 |    93 ||  1480
         Repelled          |       |       |       |       |       |     3 |    16 |    12 |       ||    31
  Block: Buckler           |       |       |       |    18 |    67 |    84 |     5 |       |       ||   174
         Kite shield       |       |       |       |       |       |       |   113 |   277 |   110 ||   500
         Reflection        |       |       |       |       |       |       |     2 |    16 |     1 ||    19
   Form: Death             |       |       |       |       |       |       |     1 |     1 |       ||     2
                           |       |       |       |       |       |       |     1 |       |     1 ||     2

Table legend: (Time is in decaauts)
 A = Elapsed time spent in this place.
 B = Non-inter-level travel time spent in this place.
 C = Inter-level travel time spent in this place.
 D = Time resting spent in this place.
 E = Time spent auto-exploring this place.
 F = Levels seen in this place.
 G = Mean time per level.
                   A        B        C        D        E       F      G
               +--------+--------+--------+--------+--------+-----+--------+
         Total |  61989 |  56685 |   5304 |   3074 |  43441 |  55 | 1127.1 |
       Dungeon |  18332 |  16445 |   1887 |   1121 |  12724 |  15 | 1222.1 |
        Temple |     18 |     10 |      8 |      0 |      0 |   1 |   18.0 |
          Lair |   9057 |   8345 |    712 |   1051 |   6010 |   5 | 1811.4 |
         Swamp |   2815 |   2522 |    293 |    127 |   1933 |   4 |  703.8 |
   Spider Nest |   3298 |   3100 |    198 |    101 |   2484 |   4 |  824.5 |
    Slime Pits |   4047 |   3575 |    472 |    151 |   2886 |   5 |  809.4 |
  Orcish Mines |   2213 |   1764 |    449 |    429 |   1084 |   2 | 1106.5 |
   Elven Halls |   4275 |   3811 |    464 |     24 |   2911 |   3 | 1425.0 |
        Vaults |   5189 |   4804 |    385 |     37 |   4026 |   4 | 1297.2 |
         Crypt |   3697 |   3627 |     70 |     33 |   2874 |   3 | 1232.3 |
          Tomb |   2642 |   2544 |     98 |      0 |   1682 |   3 |  880.7 |
        Depths |   5338 |   5074 |    264 |      0 |   4176 |   4 | 1334.5 |
       Ossuary |    388 |    388 |      0 |      0 |    286 |   1 |  388.0 |
    Desolation |    674 |    674 |      0 |      0 |    364 |   1 |  674.0 |
               +--------+--------+--------+--------+--------+-----+--------+

Top non-repeatable levels by time:
     D:9: 2277 daAuts
  Lair:3: 2228 daAuts
  Lair:5: 2157 daAuts
  Tomb:1: 2004 daAuts
     D:8: 1888 daAuts
 Crypt:3: 1883 daAuts
  Lair:4: 1844 daAuts
   Elf:2: 1834 daAuts
     D:6: 1523 daAuts
Vaults:4: 1498 daAuts
Depths:2: 1484 daAuts
  Lair:2: 1473 daAuts
Depths:4: 1437 daAuts
     D:3: 1423 daAuts
    D:14: 1397 daAuts
